cohdb
Replays
Latest Replays
All Replays
Popular Replays
Top Player Replays
Match Explorer
How It Works
Community
CoH3 Stats
Reddit
Sign in to upload your games and track your stats! →
Sign in with Steam
Match 42167531
Unlisted
Match 42167531
Overview
Messages
Build Orders
End
Construct Infanterie Kompanie
Kettenkrad Recon Vehicle
Selects Italian Coastal Battlegroup
Selects Coastal Reserves
Coastal Reserve
Coastal Reserve
GrW 34 Mortar Team
GrW 34 Mortar Team
Construct Panzergrenadier Kompanie
MG 42 Bunker
Pak 40 Anti-tank Gun Team
Panzergrenadier Squad
Selects Artillery Officer
Panzergrenadier Squad
Selects Support Bunkers
Medical Bunker
Selects Rapid Fortifications
Pak 40 Anti-tank Gun Team
MG 42 Bunker
MG 42 Bunker
Artillery Officer
Selects Bulwark
MG 42 Bunker
Construct Panzer Kompanie
MG 42 Bunker
Rapid Fortifications
MG 42 Bunker
Kettenkrad Recon Vehicle
Rapid Fortifications
Selects Obice da 210/22 Artillery Emplacement
MG 42 Bunker
Rapid Fortifications
Medical Bunker
MG 42 Bunker
Repair Bunker
Repair Bunker
MG 42 Bunker
Panzergrenadier Squad
Kettenkrad Recon Vehicle
Pak 40 Anti-tank Gun Team
Pak 40 Anti-tank Gun Team
Kettenkrad Recon Vehicle
Medical Bunker
MG 42 Bunker
Pioneer Squad
Stoßtruppen Squad
Stoßtruppen Squad
Mustache and Melons
BUL
Rasen Sama
Asderq
Jorwet Jorvetten
Bandyta
0
0
Comments
sign in to comment!
No comments posted yet!